 Dungeon Crawl Stone Soup version 0.31-a0-182-gc5ef74bbde (webtiles) character file.

Game seed: 18243241934041136255

35 qw the Shooter (level 3, -1/30 (32) HPs)
             Began as a Naga Hunter on June 20, 2023.
             Slain by a goblin
             ... wielding a +0 club
             ... led by Robin
              (5 damage)
             ... on level 2 of the Dungeon.
             The game lasted 00:00:21 (518 turns).

qw the Shooter (Naga Hunter)                         Turns: 518, Time: 00:00:22

HP:   -1/30 (32)    AC:  2    Str: 13    XL:     3   Next: 33%
MP:   3/3           EV:  9    Int:  9    God:
Gold: 44            SH:  0    Dex: 16    Spells: 2/2 levels left

rFire   . . .        Y - +1 shortbow
rCold   . . .        (shield currently unavailable)
rNeg    . . .        c - +0 leather armour
rPois   +            (no helmet)
rElec   .            (no cloak)
rCorr   .            (no gloves)
SInv    +            (no barding)
Will    .....        (no amulet)
Stlth   ++           (no ring)
HPRegen 0.25/turn    (no ring)
MPRegen 0.08/turn

%: no passive effects
@: short of breath, drained, very slow
A: AC +1, large, see invisible, deformed body, poison resistance, slowness 2,
spit poison 1, naga tail 1
a: Spit Poison


You were on level 2 of the Dungeon.
You visited 1 branch of the dungeon, and saw 2 of its levels.

You collected 44 gold pieces.


Innate Abilities, Weirdness & Mutations

Your serpentine skin is tough. (AC +1)
You have supernaturally acute eyesight. (SInv)
Armour fits poorly on your strangely shaped body.
Your system is resistant to poisons. (rPois)
You cover ground very slowly.
You can spit poison.
You have a snake-like lower body.


   Skills:
 - Level 2.0 Fighting
 + Level 4.6 Ranged Weapons
 - Level 1.5 Dodging
 - Level 1.5 Stealth


You had 2 spell levels left.
You didn't know any spells.
Your spell library was empty.

Inventory:

Hand Weapons
 Y - a +1 shortbow (weapon)
Armour
 c - a +0 leather armour (worn)
Potions
 d - a potion of brilliance {unknown}

Dungeon Overview and Level Annotations

Branches:
Dungeon (2/15)

Altars:

Annotations:
D:2 Robin


Message History

You feel drained.
Robin roars a battlecry!
The goblins go into a battle-frenzy!
The goblin closely misses you.
A worm comes into view.
You hear a shout!
512 ||| Stepping ~*~*~tactically~*~*~ (outnumbered).
The goblin attacks as you move away! The goblin completely misses you.
The goblin attacks as you move away!
The goblin hits you with a +0 dagger of draining.
You feel drained. The goblin closely misses you.
You shoot an arrow. The arrow barely misses the goblin.
The arrow hits the goblin!
You kill the goblin!
You have got your breath back.
The goblin hits you with a +0 dagger.
514 ||| INVOKING Spit Poison.
Aiming: Spit Poison (2% risk of failure)
Press: ? - help, Shift-Dir - straight line, f/p - goblin The splash of poison misses the goblin.
The splash of poison hits the goblin.
The goblin is poisoned.
The goblin is moderately wounded.
The goblin hits you but does no damage.
You shoot an arrow. The arrow hits the goblin.
You kill the goblin!
A goblin comes into view. It is wielding a +0 club.
You shoot an arrow. The arrow barely misses the goblin.
The arrow closely misses the goblin.
The arrow hits Robin!
Robin is heavily wounded.
The goblin hits you with a +0 club.
You shoot an arrow. The arrow hits the goblin.
You kill the goblin!
The goblin hits you with a +0 club. Robin throws the goblin at you!
The goblin hits you with a +0 dagger.
A goblin comes into view. It is wielding a +0 dagger of venom.
You shoot an arrow. The arrow hits the goblin!
You kill the goblin!
The goblin hits you with a +0 club.
You die...

###### #### #..... #..#
##....g####..#
.....glg@)...# #.#
.....gg###..%#####...#
...?.g.###.....<...#
.......>.......######.#
....%gl#####...........
...#.#. #...######.#
(.##g#g #.......... .#
#.#w ##.######## ###


You could see Robin, a hobgoblin (strong), 4 goblins and a frilled lizard.

Vanquished Creatures
  4 ball pythons (D:1)
  An endoplasm (D:1)
  4 giant cockroaches (D:1)
  5 goblins (D:2)
  4 hobgoblins
  2 jackals (D:1)
  4 kobolds (D:1)
  A quokka (D:1)
  2 bats (D:1)
  2 frilled lizards (D:1)
  3 rats (D:1)
32 creatures vanquished.

Notes
Turn   | Place    | Note
-------+----------+-------------------------------------------
     0 | D:1      | qw the Naga Hunter began the quest for the Orb.
     0 | D:1      | Reached XP level 1. HP: 19/19 MP: 1/1
     0 | D:1      | 0 ||| qw: Version: 0.3-a-9-g12657ce
     0 | D:1      | 0 ||| qw: Game counter: 1204
     0 | D:1      | 0 ||| qw: Always use a shield: true
     0 | D:1      | 0 ||| qw: God list: Okawaru
     0 | D:1      | 0 ||| qw: Allow faded altars: false
     0 | D:1      | 0 ||| qw: Do Orc after D:15 true
     0 | D:1      | 0 ||| qw: Do second Lair branch before Depths: true
     0 | D:1      | 0 ||| qw: Lair rune preference: random
     0 | D:1      | 0 ||| qw: Plans: Normal
     0 | D:1      | 0 ||| PLANNING D:1-11
     6 | D:1      | 6 ||| INVOKING Spit Poison.
    26 | D:1      | 26 ||| INVOKING Spit Poison.
    31 | D:1      | 31 ||| INVOKING Spit Poison.
    97 | D:1      | 97 ||| INVOKING Spit Poison.
   103 | D:1      | 103 ||| INVOKING Spit Poison.
   111 | D:1      | Reached skill level 4 in Ranged Weapons
   111 | D:1      | Reached XP level 2. HP: 26/26 MP: 2/2
   117 | D:1      | 117 ||| INVOKING Spit Poison.
   121 | D:1      | 121 ||| INVOKING Spit Poison.
   125 | D:1      | 125 ||| INVOKING Spit Poison.
   184 | D:1      | 184 ||| INVOKING Spit Poison.
   189 | D:1      | 189 ||| INVOKING Spit Poison.
   225 | D:1      | 225 ||| INVOKING Spit Poison.
   229 | D:1      | 229 ||| INVOKING Spit Poison.
   250 | D:1      | 250 ||| INVOKING Spit Poison.
   254 | D:1      | 254 ||| INVOKING Spit Poison.
   346 | D:1      | 346 ||| INVOKING Spit Poison.
   350 | D:1      | 350 ||| INVOKING Spit Poison.
   368 | D:1      | Reached XP level 3. HP: 32/32 MP: 3/3
   371 | D:1      | 371 ||| INVOKING Spit Poison.
   379 | D:1      | 379 ||| INVOKING Spit Poison.
   388 | D:1      | 388 ||| INVOKING Spit Poison.
   391 | D:1      | 391 ||| INVOKING Spit Poison.
   463 | D:1      | 463 ||| DROPPING ring of wizardry.
   464 | D:1      | 464 ||| READING scroll labelled HAUJIMM COPU.
   465 | D:1      | 465 ||| READING scroll labelled ELAJIMAAMA.
   466 | D:1      | 466 ||| READING scroll labelled DUYJYFFU VUIFI.
   467 | D:1      | 467 ||| READING scroll labelled COOGAS FOLIO.
   468 | D:1      | 468 ||| DROPPING scroll of butterflies.
   492 | D:2      | 492 ||| INVOKING Spit Poison.
   505 | D:2      | 505 ||| INVOKING Spit Poison.
   505 | D:2      | Noticed Robin
   510 | D:2      | 510 ||| INVOKING Spit Poison.
   512 | D:2      | 512 ||| Stepping ~*~*~tactically~*~*~ (outnumbered).
   514 | D:2      | 514 ||| INVOKING Spit Poison.
   517 | D:2      | HP: 4/29 [goblin/+0 dagger[Robin] (4)]
   518 | D:2      | Slain by a goblin

Levels and vault maps discovered:
D:1:      wander_arrival_desolate, layout_rooms, minmay_worlds_worst_comb
D:2:      wad_river_or_something, layout_loops_ring, uniq_natasha,
          uniq_crazy_yiuf_cottage, uniq_robin

Skill      XL: |  1 |
---------------+----+-----
Ranged Weapons | 4 |  4.6
Fighting       | |  2.0
Dodging        | |  1.5
Stealth        | |  1.5

Action                     || total
---------------------------++-------
   Fire: Shortbow          ||    64
Ability: Spit Poison       ||    24
    Use: Scroll            ||     4
 Armour: Leather armour    ||    10
  Dodge: Dodged            ||    17

Table legend:
 A = Non-vault XP
 B = Vault XP
 C = Vault XP percentage of total XP
 D = Non-vault monster count
 E = Vault monster count
 F = Vault count percentage of total count
                 A         B        C        D         E       F
            +---------+---------+-------+---------+---------+-------
      Total |      36 |      16 |  30.8 |      23 |       9 |  28.1
            +---------+---------+-------+---------+---------+-------
        D:1 |      34 |       6 |  15.0 |      22 |       3 |  12.0
        D:2 |       2 |      10 |  83.3 |       1 |       6 |  85.7
            +---------+---------+-------+---------+---------+-------
